 Dungeon Crawl Stone Soup version 0.27-a0-1136-g0b992a5a9d (webtiles) character file.

Game seed: 18285950068499772277

2700 HilariousDeathArtist the Nimble (level 9, -2/50 HPs)
             Began as a Tengu Chaos Knight on May 5, 2021.
             Was a Plaything of Xom.
             Slain by Joseph
             ... wielding a +0 quarterstaff
              (20 damage)
             ... on level 7 of the Dungeon.
             The game lasted 00:10:43 (7868 turns).

HilariousDeathArtist the Nimble (TeCK)              Turns: 7868, Time: 00:10:45

Health: -2/50      AC:  4    Str: 11 (12) XL:     9   Next: 65%
Magic:  10/10      EV: 23    Int: 10 (11) God:    Xom [*.....]
Gold:   397        SH:  0    Dex: 20 (21) Spells: 8/8 levels left

rFire    + + .     SeeInvis .   b - +7 shortbow of Tension {chaos, rN+++ Dex+4}
rCold    + + .     Faith    +   (shield currently unavailable)
rNeg     + + +     Spirit   .   o - +2 robe {Will+}
rPois    .         Reflect  .   (helmet restricted)
rElec    .         Harm     .   k - scarf {rC+ rF+}
rCorr    +         Rampage  .   (no gloves)
Will     ++...                  (boots unavailable)
Stlth    ++........             i - amulet of faith
HPRegen  0.16/turn              C - ring of Due Proportion {rC+ rCorr}
MPRegen  0.12/turn              W - ring of willpower

@: flying quickly and evasively, quick
A: beak, talons 3, nimble flight, deterioration 1, dopey 1, fire resistance 1,
screaming 1
a: Renounce Religion


You were on level 7 of the Dungeon.
You worshipped Xom.
You were a special plaything of Xom.
You visited 1 branch of the dungeon, and saw 7 of its levels.

You collected 548 gold pieces.
You spent 151 gold pieces at shops.

Inventory:

Hand Weapons
 a - a +1 falchion of chaos
 b - the +7 shortbow of Tension (weapon) {chaos, rN+++ Dex+4}
   (Xom gifted it to you on level 4 of the Dungeon)

   Each projectile launched from it has a different, random effect.
   It affects your dexterity (+4).
   It renders you almost immune to negative energy.
Missiles
 e - 51 poisoned darts
 f - 6 boomerangs
 m - a throwing net {!d}
 s - 318 stones
 t - 3 datura-tipped darts
 w - 20 sling bullets
 z - 37 arrows (quivered ammo)
 K - 89 bolts
Armour
 k - a scarf of resistance (worn)
   (You found it on level 5 of the Dungeon)
 o - a +2 robe of willpower (worn)
   (You took it off Jessica on level 2 of the Dungeon)
 r - a +1 buckler
   (You found it on level 2 of the Dungeon)
 N - a +0 pair of gloves
   (You found it on level 6 of the Dungeon)
Magical Staves
 p - a staff of cold {rC+}
   (You found it on level 6 of the Dungeon)
Jewellery
 g - a +6 ring of strength
   (You found it on level 1 of the Dungeon)
 i - an amulet of faith (around neck)
   (You found it on level 5 of the Dungeon)
 y - a +6 ring of dexterity
   (You found it on level 5 of the Dungeon)
 C - the ring of Due Proportion (left hand) {rC+ rCorr}
   (You bought it in a shop on level 4 of the Dungeon)

   [ring of protection from cold]

   It protects you from cold.
   It protects you from acid and corrosion.
 I - a +6 ring of intelligence
   (You found it on level 6 of the Dungeon)
 V - a ring of see invisible {sInv, !d}
   (You found it on level 5 of the Dungeon)
 W - a ring of willpower (right hand)
   (You found it on level 4 of the Dungeon)
Wands
 d - a wand of digging (4)
   (You found it on level 6 of the Dungeon)
 h - a wand of acid (10)
   (You found it on level 6 of the Dungeon)
Scrolls
 j - 2 scrolls of enchant armour
 v - 2 scrolls of amnesia
 B - 2 scrolls of silence {unknown}
 D - 5 scrolls of identify {@r1}
 E - a scroll of torment {!r}
 F - a scroll of immolation {unknown}
 M - 2 scrolls of vulnerability {unknown}
 S - a scroll of summoning
 Y - 2 scrolls of teleportation {@r3}
Potions
 c - a potion of heal wounds {unknown}
 l - 2 potions of might {unknown}
 n - a potion of resistance {unknown}
 q - a potion of invisibility {unknown}
 u - 2 potions of degeneration {unknown}
 x - a potion of berserk rage {unknown}
 A - 2 potions of attraction {unknown}
 G - 2 potions of ambrosia {!q}
 H - 2 potions of haste
 J - 2 potions of curing {@q1}
 L - a potion of flight


   Skills:
 - Level 3.0 Fighting
 - Level 3.2 Long Blades
 + Level 8.2 Bows
 - Level 2.1 Armour
 + Level 10.4 Dodging
 - Level 3.9 Shields


You had 8 spell levels left.
You didn't know any spells.
Your spell library contained the following spells:

 Spells                   Type           Power      Damage    Failure   Level
 Animate Skeleton         Necr           0%         N/A       36%         1
 Pain                     Necr           0%         1d4       36%         1
 Poisonous Vapours        Pois/Air       0%         N/A       50%         2
 Conjure Flame            Conj/Fire      0%         6-21      75%         3
 Mephitic Cloud           Conj/Pois/Air  0%         N/A       75%         3
 Vampiric Draining        Necr           0%         2d6       75%         3
 Animate Dead             Necr           0%         N/A       98%         4
 Agony                    Necr           0%         N/A       100%        5
 Freezing Cloud           Conj/Ice/Air   0%         6-21      100%        6


Dungeon Overview and Level Annotations

Branches:
Dungeon (7/15)             Temple (0/1) D:4

Altars:
Ashenzari
Fedhas
Gozag
Makhleb
Nemelex Xobeh
Okawaru
Ru
Trog
The Shining One

Shops:
D:4 *   D:7 :

Annotations:
D:7 Joseph


Innate Abilities, Weirdness & Mutations

You have a beak for a mouth.
You have claws for feet.
Your magical nature lets you fly swiftly and evasively.
Your body sometimes deteriorates upon taking damage.
You are dopey. (Int -2)
Your flesh is heat resistant. (rF+)
You occasionally shout uncontrollably at your foes.


Message History

Things that are here:
a +0 hand axe; a +0 ring mail; an orc corpse
Found a stone staircase leading down.
z - 44 arrows (gained 1)
z - 45 arrows (gained 1)
A water moccasin comes into view.
You see here an arrow.
A water moccasin is nearby!
You shoot an arrow. The arrow hits the water moccasin!
You shoot an arrow. The arrow misses the water moccasin.
You shoot an arrow. The arrow hits the water moccasin.
You shoot an arrow. The arrow hits the water moccasin!
The arrow burns the water moccasin.
You kill the water moccasin!
No target in view!
No target in view!
No target in view!
No target in view!
No target in view!
No target in view!
No target in view!
No target in view!
z - 42 arrows (gained 1) Joseph, a Mercenary comes into view.
He is wielding a +0 quarterstaff.
You shoot an arrow. The arrow hits Joseph.
The arrow burns Joseph.
Joseph shouts!
Joseph unwields a +0 quarterstaff.
Joseph wields a +0 hunting sling.
Joseph shoots a sling bullet.
The sling bullet closely misses you.
You shoot an arrow. The arrow completely misses Joseph.
Joseph shoots a sling bullet.
The sling bullet closely misses you.
You shoot an arrow. The arrow barely misses Joseph.
Joseph shoots a sling bullet.
The sling bullet completely misses you.
You shoot an arrow.
The arrow closely misses Joseph. "See what I see, my child!"
You detect items!
You are now a toy of Xom.
Joseph shoots a sling bullet.
The sling bullet hits you!
Your body deteriorates!
You feel clumsy.
You take 16 damage, and have 34/50 hp.
MASSIVE DAMAGE!!
Things that are here:
a +0 hand axe; a +0 ring mail; an orc corpse A shadow comes into view. "Let's try an experiment, hmmm?"
You briefly become tangled in your robes.
You are now a special plaything of Xom.
Unknown command. "Get over here!"
The shadow blinks!
Unknown command.
Unknown command.
The shadow slips into darkness.
The shadow flickers and vanishes!
Deactivating autopickup; reactivate with Ctrl-A.
The shadow strikes at you from the darkness!
* * * LOW HITPOINT WARNING * * *
Your body deteriorates!
You feel weakened.
Reactivating autopickup.
You take 23 damage, and have 15/50 hp.
MASSIVE DAMAGE!!
It was a potion of ambrosia.
You are confused.
You feel invigorated.
Xom thinks this is hilarious!
G - 2 potions of ambrosia;
p - a staff of cold {rC+} The shadow completely misses you.
You regained 4 hp, and now have 19/50 hp.
Unknown command.
You clumsily bash the shadow but do no damage. "Whee!"
Your surroundings suddenly seem different.
Your surroundings suddenly seem different.
Your surroundings suddenly seem different.
Your surroundings suddenly seem different.
Your surroundings suddenly seem different.
Your surroundings suddenly seem different.
Joseph unwields a +0 hunting sling.
Joseph wields a +0 quarterstaff.
Joseph completely misses you.
You regained 5 hp, and now have 24/50 hp.
Unknown command.
Unknown command.
Unknown command.
It was a potion of curing.
You feel better.
Xom roars with laughter!
J - 2 potions of curing;
c - a sedimented silvery potion You feel less invigorated.
Joseph hits you with a +0 quarterstaff!
Your body deteriorates!
You feel dopey.
You take 7 damage, and have 17/50 hp.
Unknown command.
Unknown command.
Unknown command.
Fire: 38 arrows
Aim: Joseph, wielding a +0 quarterstaff, wearing a +0 ring mail and quivering sling bullets (lightly wounded, 75% to hit)
You shoot an arrow. The arrow hits Joseph!
The arrow freezes Joseph.
Joseph hits you with a +0 quarterstaff!!
You die...
Xom snickers!

#... #.... #### #....
..## #...?###.. #
#........####..(.
#....#..((.(..@ .#
#...######## ...
#.........# #.#
#...@.....#
#..##...@.....#
.##..##)#####>...
........## ###
####.....###
###.....#####
##........#####.
###....../.....
###########............


You could see Joseph.

Vanquished Creatures
  A wyvern (D:6)
  A golden eye (D:4)
  A golden eye (shapeshifter) (D:4)
  2 steam dragons (D:6)
  Edmund (D:6)
  A water moccasin (D:7)
  2 ice beasts
  An orc warrior (D:4)
  A boggart (D:4)
  2 ogres (D:5)
  A phantom (D:5)
  A gnoll sergeant (D:5)
  A howler monkey (D:5)
  A bullfrog zombie (D:5)
  2 centaur zombies
  3 jellies
  A bullfrog skeleton (D:5)
  5 hounds
  An orc priest (D:4)
  3 centaur skeletons
  Jessica (D:2)
  An iguana (D:6)
  Natasha (D:2)
  2 orc wizards (D:4)
  2 killer bee zombies
  A hound skeleton (D:4)
  A howler monkey zombie (D:5)
  7 adders
  A gnoll (D:6)
  2 shadow imps (D:6)
  2 white imps (D:6)
  An ufetubus (D:5)
  An adder skeleton (D:4)
  2 worms
  A dart slug (D:4)
  10 orcs
  3 ball pythons
  6 bats
  8 endoplasms
  13 giant cockroaches
  9 goblins
  8 hobgoblins
  7 jackals
  6 kobolds
  A quokka (D:5)
  5 frilled lizards
  A quokka skeleton (D:4)
  4 rats
139 creatures vanquished.

Vanquished Creatures (collateral kills)
  An ogre (D:5)
  A bullfrog skeleton (D:5)
  A hound skeleton (D:5)
3 creatures vanquished.

Grand Total: 142 creatures vanquished

Notes
Turn   | Place    | Note
-------+----------+-------------------------------------------
     0 | D:1      | HilariousDeathArtist the Tengu Chaos Knight began the quest
                  | for the Orb.
     0 | D:1      | Reached XP level 1. HP: 14/14 MP: 2/2
    95 | D:1      | XOM: silly message
   218 | D:1      | XOM: confuse monster(s)
   221 | D:1      | Reached skill level 2 in Dodging
   290 | D:1      | Reached XP level 2. HP: 19/19 MP: 3/3
   461 | D:2      | Noticed Jessica
   467 | D:2      | Killed Jessica
   468 | D:2      | Reached skill level 3 in Dodging
   468 | D:2      | Reached XP level 3. HP: 17/23 MP: 4/4
   656 | D:1      | Found a faded altar of an unknown god.
   978 | D:1      | XOM: cloud trail
   981 | D:1      | XOM: god gift: 15 gold pieces
  1279 | D:2      | XOM: scenery: 1 doors open
  1310 | D:2      | Reached skill level 4 in Dodging
  1368 | D:2      | Reached XP level 4. HP: 28/28 MP: 5/5
  1529 | D:2      | Noticed Natasha
  1539 | D:2      | Killed Natasha
  1665 | D:2      | XOM: 1-stop teleportation journey
  1992 | D:2      | XOM is BORED!
  1992 | D:2      | XOM: noise
  2240 | D:3      | XOM: god gift: 43 gold pieces
  2341 | D:3      | Found a sparkling altar of Nemelex Xobeh.
  2761 | D:3      | XOM: divination: detect creatures
  3171 | D:3      | Reached skill level 5 in Dodging
  3171 | D:3      | Reached skill level 1 in Shields
  3171 | D:3      | Gained mutation: Your magical nature lets you fly swiftly
                  | and evasively. [Tengu growth]
  3171 | D:3      | Reached XP level 5. HP: 20/32 MP: 6/6
  3694 | D:4      | Reached skill level 2 in Shields
  3699 | D:4      | XOM: smoke on damage
  3703 | D:4      | Reached XP level 6. HP: 12/37 MP: 7/7
  4061 | D:4      | XOM: blink monster(s)
  4198 | D:4      | Noticed an orc warrior
  4212 | D:4      | HP: 4/37 [orc warrior/boomerang (12)]
  4212 | D:4      | XOM: butterfly on damage
  4212 | D:4      | XOM: smoke on damage
  4497 | D:4      | XOM: polymorph worm -> boggart
  4501 | D:4      | Reached skill level 6 in Dodging
  4501 | D:4      | Reached skill level 3 in Shields
  4551 | D:4      | XOM: give mutations
  4551 | D:4      | Gained mutation: Your flesh is heat resistant. (rF+) [Xom's
                  | mischief]
  4551 | D:4      | Gained mutation: Your body sometimes deteriorates upon
                  | taking damage. [Xom's mischief]
  4551 | D:4      | Gained mutation: You occasionally shout uncontrollably at
                  | your foes. [Xom's mischief]
  4551 | D:4      | Gained mutation: You are dopey. (Int -2) [Xom's mischief]
  4562 | D:4      | Found a staircase to the Ecumenical Temple.
  4642 | D:4      | Noticed a black bear
  4775 | D:4      | Identified the +7 shortbow of Tension {vorpal, rN+++ Dex+4}
                  | (Xom gifted it to you on level 4 of the Dungeon)
  4775 | D:4      | XOM: god gift: +7 shortbow of Tension {chaos, rN+++ Dex+4}
  4777 | D:4      | XOM: potion effect (brilliance)
  4781 | D:4      | Noticed a golden eye
  4781 | D:4      | a black bear changed into a golden eye
  4781 | D:4      | XOM: polymorph black bear -> golden eye
  4786 | D:4      | XOM: cleaving
  4789 | D:4      | XOM: divination: detect creatures
  4797 | D:4      | XOM: silly message
  4802 | D:4      | XOM: potion effect (invisibility)
  4816 | D:4      | Killed a golden eye
  4817 | D:4      | Reached skill level 1 in Bows
  4817 | D:4      | Reached XP level 7. HP: 41/41 MP: 8/8
  4980 | D:4      | Found Ebalaedu's Assorted Antiques.
  4987 | D:4      | Bought a scroll labelled DIDUFE TEGUST for 22 gold pieces
  4987 | D:4      | Bought an inky potion for 19 gold pieces
  4987 | D:4      | Bought a twitching brass ring for 110 gold pieces
  4987 | D:4      | Identified the ring of Due Proportion {rC+ rCorr} (You
                  | bought it in a shop on level 4 of the Dungeon)
  5022 | D:4      | Reached skill level 2 in Bows
  5157 | D:4      | Reached skill level 7 in Dodging
  5214 | D:4      | XOM: cloud trail
  5377 | D:4      | XOM: silly message
  5411 | D:4      | Noticed a shapeshifter
  5411 | D:4      | a scorpion changed into a shapeshifter
  5411 | D:4      | Noticed a golden eye
  5411 | D:4      | a shapeshifter changed into a golden eye
  5412 | D:4      | Killed a golden eye
  5413 | D:4      | Reached skill level 3 in Bows
  5486 | D:5      | Entered Level 5 of the Dungeon
  5506 | D:5      | XOM: noise
  5510 | D:5      | Reached XP level 8. HP: 46/46 MP: 9/9
  5523 | D:5      | Reached skill level 4 in Bows
  5543 | D:5      | Found a burning altar of Makhleb.
  5598 | D:5      | Found a broken altar of Ashenzari.
  5669 | D:5      | Found an opulent altar of Gozag.
  5764 | D:5      | XOM: god gift: chain mail {god gift}
  5838 | D:5      | Found a bloodstained altar of Trog.
  5865 | D:5      | Found a blossoming altar of Fedhas.
  5919 | D:5      | Reached skill level 8 in Dodging
  5977 | D:5      | XOM: noise
  6083 | D:5      | Reached skill level 5 in Bows
  6087 | D:5      | XOM: smoke on damage
  6097 | D:5      | XOM: summons 2 friendly demons
  6282 | D:5      | Reached skill level 6 in Bows
  6295 | D:5      | XOM: cloud trail
  6459 | D:6      | Reached skill level 9 in Dodging
  6477 | D:6      | Reached XP level 9. HP: 50/50 MP: 10/10
  6548 | D:6      | XOM: divination: detect creatures
  6635 | D:6      | Found a glowing golden altar of the Shining One.
  6635 | D:6      | Found a sacrificial altar of Ru.
  6670 | D:6      | Noticed Edmund
  6679 | D:6      | XOM: summons friendly crimson imp
  6686 | D:6      | HP: 11/50 [Edmund/+2 dire flail of holy wrath (9)]
  6687 | D:6      | HP: 3/50 [Edmund/+2 dire flail of holy wrath (9)]
  6689 | D:6      | Killed Edmund
  6714 | D:6      | XOM: cloud trail
  6772 | D:6      | XOM: polymorph crimson imp -> neqoxec
  6830 | D:6      | XOM: 2-stop teleportation journey
  6845 | D:6      | Reached skill level 7 in Bows
  6903 | D:6      | XOM: 1-stop teleportation journey
  7116 | D:6      | XOM: cloud trail
  7409 | D:6      | Found an iron altar of Okawaru.
  7735 | D:7      | Reached skill level 10 in Dodging
  7758 | D:7      | Reached skill level 8 in Bows
  7774 | D:7      | XOM: cloud trail
  7807 | D:7      | Found Xuawowk's Book Emporium.
  7836 | D:7      | Noticed Joseph
  7840 | D:7      | XOM: divination: detect items
  7848 | D:7      | XOM: silly message
  7850 | D:7      | XOM: blink monster(s)
  7866 | D:7      | XOM: 6-stop teleportation journey
  7868 | D:7      | Slain by Joseph

Illustrated notes

Levels and vault maps discovered:
D:1:      psy_arrival_whirlpool, layout_loops_cross,
          hellmonk_ecumenical_altar_run_dry
D:2:      minmay_roachtagon, layout_basic, uniq_jessica, uniq_natasha
D:3:      minmay_spotlight, layout_basic, amcnicky_altar_gilded
D:4:      layout_loops_ring, minmay_temple_entry_statues_fountains,
          serial_shops, shop, hangedman_minor_gate_pass
D:5:      layout_cave_pools, lemuel_coloured_pillars_altar, lemuel_tele_altar,
          makhleb_heckhound_becter,
          nicolae_gozag_cash_rules_everything_around_me, kennysheep_mini_moat,
          grunt_ministairs_5, nzn_random_ring
D:6:      layout_loops_ring, okawaru_altar_gauntlet_db,
          gammafunk_temple_overflow_wave, uniq_edmund
D:7:      layout_rooms, serial_shops, shop, dk_rats_in_the_wall, uniq_joseph,
          uniq_pikel, uniq_harold

Skill      XL: |  1  2  3  4  5  6  7  8  9 |
---------------+----------------------------+-----
Dodging        | 2 3 4 5 6 7 9 10 | 10.4
Shields        | 1 2 3 |  3.9
Bows           | 1 3 6 8 |  8.2
Fighting       | |  3.0
Long Blades    | |  3.2
Armour         | |  2.1

Action                   |  1- 3 |  4- 6 |  7- 9 || total
-------------------------+-------+-------+-------++-------
Melee: Falchion          |    46 |   117 |       ||   163
       Peck              |     6 |    29 |       ||    35
       Kick              |     9 |    40 |       ||    49
       Shortbow          |       |       |     1 ||     1
 Fire: Shortbow          |       |       |   203 ||   203
Throw: Stone             |     2 |       |       ||     2
       Dart              |       |     4 |       ||     4
  Use: Scroll            |       |     9 |     3 ||    12
       Potion            |       |     1 |     2 ||     3
 Stab: Sleeping          |     1 |     1 |       ||     2
Armor: Leather armour    |     5 |       |       ||     5
       Robe              |    12 |    30 |     7 ||    49
Dodge: Dodged            |    31 |    71 |    64 ||   166
Block: Buckler           |       |    14 |       ||    14
       Rpst.: Falchion   |     5 |    25 |       ||    30

Table legend: (Time is in decaauts)
 A = Elapsed time spent in this place.
 B = Non-inter-level travel time spent in this place.
 C = Inter-level travel time spent in this place.
 D = Time resting spent in this place.
 E = Time spent auto-exploring this place.
 F = Levels seen in this place.
 G = Mean time per level.
                   A        B        C        D        E       F      G
               +--------+--------+--------+--------+--------+-----+--------+
         Total |   7637 |   7267 |    370 |   1713 |   4566 |   7 | 1091.0 |
       Dungeon |   7637 |   7267 |    370 |   1713 |   4566 |   7 | 1091.0 |
               +--------+--------+--------+--------+--------+-----+--------+

Top non-repeatable levels by time:
     D:4: 1619 daAuts
     D:3: 1423 daAuts
     D:2: 1422 daAuts
     D:6: 1204 daAuts
     D:1: 944 daAuts
     D:5: 893 daAuts
     D:7: 130 daAuts

Table legend:
 A = Kills in this place as a percentage of kills in entire the game.
 B = Kills by you in this place as a percentage of kills by you in the entire game.
 C = Kills by friends in this place as a percentage of kills by friends in the entire game.
 D = Other kills in this place as a percentage of other kills in the entire game.
 E = Experience gained in this place as a percentage of experience gained in the entire game.
 F = Experience gained in this place divided by the number of levels of this place that you have seen.
                   A       B       C       D       E      F
               +-------+-------+-------+-------+-------+----------------------
         Total | 100.0 | 100.0 | 100.0 | 100.0 | 100.0 | 551.1
       Dungeon | 100.0 | 100.0 | 100.0 | 100.0 | 100.0 | 551.1
               +-------+-------+-------+-------+-------+----------------------
